[Event "Team 45 45 League T63"]
[Site "Internet Chess Club"]
[Date "2014.12.14"]
[Round "3"]
[White "Greedy-Reedy"]
[Black "DouDou"]
[Result "1-0"]
[WhiteElo "1883"]
[BlackElo "1713"]
[Opening "Ruy Lopez: Anderssen variation"]
[ECO "C77"]
[Time "11:34:06"]
[TimeControl "2700+45"]

1. e4 e5 2. Nf3 Nc6 3. Bb5 a6 4. Ba4 Nf6 5. d3 b5 6. Bb3 Be7 7. a4 Rb8 8. c3 d6
9. Nbd2 O-O 10. Nf1 Bg4 11. h3 Be6 12. Bc2 h6 13. axb5 axb5 14. g4 d5 15. exd5
Nxd5 16. Ra6 Rb6 17. Rxb6 Nxb6 18. Qe2 Bd5 19. Ne3 Be6 20. O-O f6 21. Rd1 Nd5
22. Ng2 Bd6 23. d4 Nb6 24. Qe4 Bd5 25. Qh7+ Kf7 26. Bg6+ Ke6 27. Bf5+ Ke7 28.
Nfh4 Ke8 29. Ng6 Rg8 30. dxe5 Bxe5 31. Ne3 Kf7 32. f4 Bd6 33. Nh4 Bc5 34. Qg6+
Kf8 35. Be6 Qe7 36. f5 Ne5 37. Qh7 Bxe6 38. fxe6 Nbc4 39. Nf5 Qe8 40. Kf1 Nxe3+
41. Bxe3 Bxe3 42. e7+ Kf7 43. Rd8 {Black resigns} 1-0

[Event "Team 45 45 League T63"]
[Site "Internet Chess Club"]
[Date "2014.12.20"]
[Round "3"]
[White "LiangLiang"]
[Black "PuzzleMaster"]
[Result "0-1"]
[WhiteElo "1775"]
[BlackElo "1906"]
[Opening "Ruy Lopez: closed, Breyer, Borisenko variation"]
[ECO "C95"]
[Time "12:03:13"]
[TimeControl "2700+45"]

1. e4 e5 2. Nf3 Nc6 3. Bb5 a6 4. Ba4 Nf6 5. O-O Be7 6. Re1 b5 7. Bb3 d6 8. c3
O-O 9. h3 Nb8 10. d4 Nbd7 11. Nbd2 Bb7 12. Bc2 Re8 13. Nf1 Bf8 14. Ng3 g6 15.
Bd2 Bg7 16. a4 c5 17. d5 Qc7 18. Nh2 c4 19. Be3 Nc5 20. Bxc5 Qxc5 21. Ng4 b4 22.
Nxf6+ Bxf6 23. Qf3 Bg7 24. h4 Bc8 25. h5 Bd7 26. Ne2 a5 27. g3 Rab8 28. Kg2 Rf8
29. Rh1 f5 30. hxg6 hxg6 31. Raf1 fxe4 32. Qxe4 Bf5 33. Qh4 Bxc2 34. Qh7+ Kf7
35. f4 Be4+ 36. Kh2 Rh8 37. fxe5+ Ke7 {White resigns} 0-1

[Event "Team 45 45 League T63"]
[Site "Internet Chess Club"]
[Date "2014.12.13"]
[Round "3"]
[White "smyslovVchess"]
[Black "hood"]
[Result "0-1"]
[WhiteElo "1593"]
[BlackElo "2022"]
[Opening "Ruy Lopez: 5.O-O"]
[ECO "C78"]
[Time "16:01:52"]
[TimeControl "2700+45"]

1. e4 e5 2. Nf3 Nc6 3. Bb5 a6 4. Ba4 Nf6 5. O-O b5 6. Bb3 Bc5 7. c3 d6 8. h3 O-O
9. Bc2 h6 10. d4 Bb6 11. Be3 Re8 12. dxe5 Nxe5 13. Na3 Bxe3 14. Nxe5 Bxf2+ 15.
Rxf2 Rxe5 16. Qf3 Bb7 17. Re1 Qe7 18. Rfe2 Re8 19. Nb1 Nxe4 20. Bxe4 Bxe4 21.
Qf2 Bxb1 22. Rxe5 dxe5 23. Rxb1 e4 24. Qe3 Qg5 25. Re1 Qxe3+ 26. Rxe3 f5 27. g3
g5 28. Kf2 Kf7 29. Re1 Re6 30. Rd1 Rd6 {White resigns} 0-1

[Event "Team 45 45 League T63"]
[Site "Internet Chess Club"]
[Date "2014.12.14"]
[Round "3"]
[White "joebobpop"]
[Black "mongmong"]
[Result "1-0"]
[WhiteElo "1884"]
[BlackElo "1575"]
[Opening "French: Tarrasch"]
[ECO "C03"]
[Time "22:22:46"]
[TimeControl "2700+45"]

1. e4 e6 2. d4 d5 3. Nd2 h6 4. Ngf3 Nf6 5. e5 Nfd7 6. Bd3 c5 7. c3 Nc6 8. Bb5
cxd4 9. Bxc6 bxc6 10. cxd4 c5 11. Nb3 cxd4 12. Qxd4 Qb6 13. Qxb6 Nxb6 14. O-O
Ba6 15. Re1 Bb4 16. Bd2 Bxd2 17. Nfxd2 O-O 18. Nc5 Nc4 19. Nxa6 Nxd2 20. b3 Ne4
21. f3 Ng5 22. h4 Nh7 23. Rac1 Rac8 24. b4 g5 25. h5 Rfd8 26. Rc5 Rxc5 27. bxc5
Rc8 28. Rc1 Nf8 29. c6 Nh7 30. c7 Kf8 31. Rb1 Ke8 32. Rb7 f6 33. Rxa7 fxe5 34.
Rb7 Nf6 35. Nc5 Ke7 36. Nd3 e4 37. Nb4 exf3 38. gxf3 Ne8 39. Nc6+ Kd6 40. Na7
Rxc7 41. Nb5+ Kd7 42. Nxc7 Nxc7 43. Kf2 Kc6 44. Rb8 e5 45. Rh8 d4 46. Rxh6+ Kd5
{Black resigns} 1-0

[Event "Team 45 45 League T63"]
[Site "Internet Chess Club"]
[Date "2014.12.11"]
[Round "3"]
[White "LittleButton"]
[Black "Intemperate"]
[Result "0-1"]
[WhiteElo "1895"]
[BlackElo "1869"]
[Opening "King's Indian: Torre attack"]
[ECO "A48"]
[Time "14:49:04"]
[TimeControl "2700+45"]

1. d4 Nf6 2. Nf3 g6 3. Bg5 Bg7 4. Nbd2 c5 5. c3 cxd4 6. cxd4 O-O 7. e4 d5 8. e5
Ne4 9. Nxe4 dxe4 10. Ng1 Nc6 11. Be3 Qa5+ 12. Qd2 Qxd2+ 13. Kxd2 Rd8 14. f4 exf3
15. Nxf3 Nxe5 16. Nxe5 Bxe5 17. Kc3 Bg7 18. Bc4 Bf5 19. Rhd1 Rac8 20. a4 Rc6 21.
Kb3 Rdc8 22. Rac1 e6 23. d5 exd5 24. Bxd5 Rxc1 25. Bxc1 Bc2+ {White resigns} 0-1

[Event "Team 45 45 League T63"]
[Site "Internet Chess Club"]
[Date "2014.12.14"]
[Round "3"]
[White "MrShaw"]
[Black "fishhead"]
[Result "1-0"]
[WhiteElo "1865"]
[BlackElo "1769"]
[Opening "Sicilian: Najdorf, 7...Be7 main line"]
[ECO "B99"]
[Time "12:02:30"]
[TimeControl "2700+45"]

1. e4 c5 2. Nf3 d6 3. d4 cxd4 4. Nxd4 Nf6 5. Nc3 a6 6. Bg5 e6 7. f4 Be7 8. Qf3
Qc7 9. O-O-O Nbd7 10. g4 b5 11. Bxf6 Nxf6 12. g5 Nxe4 13. Nxe4 Bb7 14. Bd3 d5
15. Ng3 Bc5 16. Nb3 Bd6 17. Nh5 g6 18. Nf6+ Ke7 19. Rhf1 h5 20. Rde1 Rhd8 21. f5
gxf5 22. Qxf5 Rh8 23. Nd4 e5 24. Nh7 Ke8 25. Qf6 Rg8 26. Nxb5 {Black resigns}
1-0

[Event "Team 45 45 League T63"]
[Site "Internet Chess Club"]
[Date "2014.12.11"]
[Round "3"]
[White "justice02"]
[Black "Philly-Boy"]
[Result "1/2-1/2"]
[WhiteElo "1766"]
[BlackElo "1787"]
[Opening "Sicilian: Najdorf, Lipnitzky attack"]
[ECO "B90"]
[Time "22:05:19"]
[TimeControl "2700+45"]

1. e4 c5 2. Nf3 d6 3. d4 cxd4 4. Nxd4 Nf6 5. Nc3 a6 6. Bc4 Qc7 7. Bb3 e5 8. Nf5
Bxf5 9. exf5 Be7 10. Be3 Nc6 11. O-O b5 12. Qf3 b4 13. Qxc6+ Qxc6 14. Ba4 Qxa4
15. Nxa4 Rc8 16. Rac1 d5 17. Rfe1 h6 18. f4 e4 19. Bd4 O-O 20. c3 bxc3 21. bxc3
Rc6 22. Rb1 Bd6 23. g3 Nd7 24. Kg2 Bc5 25. Rb7 Rd8 26. Rxd7 Rxd7 27. Nxc5 Rdc7
28. Na4 Rb7 29. h4 Rc4 30. Nb6 Rxd4 31. cxd4 Rxb6 32. Re2 Rb4 33. Rd2 h5 34. Kf2
a5 35. Ke3 Rc4 36. Rb2 Rc3+ 37. Ke2 Rd3 38. Rb5 Rxd4 39. Rxa5 Kf8 40. Ra8+ Ke7
41. Rh8 Rd3 42. Rxh5 Kf6 43. g4 d4 44. Rh8 Ra3 45. Rd8 Rxa2+ 46. Ke1 Ra4 47.
Rd6+ Ke7 48. Rd5 Rc4 49. Re5+ Kd6 50. Rxe4 Kd5 51. Re7 g6 52. fxg6 fxg6 53. h5
gxh5 54. gxh5 d3 55. h6 Rxf4 56. Rd7+ Ke4 57. Re7+ Kf3 58. h7 Rh4 59. Kd2 Kf4
60. Kxd3 Kf5 61. Ke3 Kg6 62. Kf3 {Game drawn by mutual agreement} 1/2-1/2

[Event "Team 45 45 League T63"]
[Site "Internet Chess Club"]
[Date "2014.12.10"]
[Round "3"]
[White "qs16"]
[Black "idjit"]
[Result "1-0"]
[WhiteElo "1733"]
[BlackElo "1583"]
[Opening "Queen's pawn game"]
[ECO "A45"]
[Time "16:00:57"]
[TimeControl "2700+45"]

1. d4 Nf6 2. Nd2 e6 3. e3 d5 4. Bd3 c5 5. c3 Nc6 6. f4 cxd4 7. cxd4 Qc7 8. a3
Bd7 9. Ngf3 Be7 10. O-O Ng4 11. Qe2 Rc8 12. Ne5 Ngxe5 13. fxe5 g6 14. Qf2 O-O
15. Nf3 f6 16. Qg3 fxe5 17. dxe5 a6 18. Bd2 Rxf3 19. Qxf3 Nxe5 20. Qe2 Nxd3 21.
Qxd3 Bb5 22. Qd4 Bxf1 23. Bc3 Bb5 24. Qg7# {Black checkmated} 1-0

[Event "Team 45 45 League T63"]
[Site "Internet Chess Club"]
[Date "2014.12.14"]
[Round "3"]
[White "JulianVerse"]
[Black "Monterrey"]
[Result "1-0"]
[WhiteElo "1915"]
[BlackElo "2063"]
[Opening "French: Winawer, advance, poisoned pawn variation"]
[ECO "C18"]
[Time "18:07:07"]
[TimeControl "2700+45"]

1. e4 e6 2. d4 d5 3. Nc3 Bb4 4. e5 c5 5. a3 Bxc3+ 6. bxc3 Ne7 7. Qg4 O-O 8. Bd3
f5 9. exf6 Rxf6 10. Bg5 Rf7 11. Qh5 g6 12. Qd1 Nbc6 13. Nf3 Qa5 14. Bd2 c4 15.
Be2 Nf5 16. O-O Bd7 17. h4 Raf8 18. h5 gxh5 19. Rb1 Bc8 20. Ng5 Rg7 21. Bxh5 Qd8
22. Nf3 Nh4 23. g3 Nxf3+ 24. Bxf3 Qf6 25. Bg2 e5 26. dxe5 Nxe5 27. Bf4 Be6 28.
Re1 Nf7 29. Rxb7 Bc8 30. Rxa7 Qxc3 31. Bxd5 Qf6 32. Be5 Qb6 33. Bxg7 Kxg7 34.
Ree7 {Black resigns} 1-0

[Event "Team 45 45 League T63"]
[Site "Internet Chess Club"]
[Date "2014.12.14"]
[Round "3"]
[White "CogitoErgoSum"]
[Black "BuddyT"]
[Result "0-1"]
[WhiteElo "1943"]
[BlackElo "1805"]
[Opening "Ruy Lopez: Archangelsk (counterthrust) variation"]
[ECO "C78"]
[Time "11:01:24"]
[TimeControl "2700+45"]

1. e4 e5 2. Nf3 Nc6 3. Bb5 a6 4. Ba4 Nf6 5. O-O b5 6. Bb3 Bb7 7. Ng5 d5 8. exd5
Nd4 9. Re1 Bd6 10. d3 O-O 11. c4 c6 12. Nc3 Nxb3 13. Qxb3 cxd5 14. cxb5 Qb6 15.
Nf3 Ng4 16. Re2 e4 17. dxe4 dxe4 18. Nxe4 Bxe4 19. Ng5 Bxh2+ 20. Kf1 Bg6 21. Qh3
Qd4 22. Nf3 Qd1+ 23. Ne1 Nf6 24. Rd2 Qh5 25. Qxh5 Bxh5 26. g3 Rfe8 27. b3 Ne4
28. Rc2 Nxg3+ 29. fxg3 Bxg3 30. Bb2 axb5 31. Rg2 Be5 32. Bxe5 Rxe5 33. Nd3 Rf5+
34. Kg1 Rd8 35. Nb4 Bf3 36. Rf2 Rg5+ 37. Kh2 Be4 38. Rc1 h5 39. Rc7 Rd1 {White
resigns} 0-1

[Event "Team 45 45 League T63"]
[Site "Internet Chess Club"]
[Date "2014.12.14"]
[Round "3"]
[White "kabindra"]
[Black "chessjav"]
[Result "1-0"]
[WhiteElo "1768"]
[BlackElo "1881"]
[Opening "Caro-Kann: advance variation"]
[ECO "B12"]
[Time "09:09:34"]
[TimeControl "2700+45"]

1. e4 c6 2. d4 d5 3. e5 Bf5 4. h4 h5 5. c4 e6 6. Bg5 Qb6 7. Qb3 Bxb1 8. Qxb6
axb6 9. Rxb1 Rxa2 10. cxd5 cxd5 11. Bb5+ Nc6 12. Ne2 Bb4+ 13. Nc3 Rxb2 14. Bxc6+
bxc6 15. Rxb2 Bxc3+ 16. Rd2 f6 17. exf6 gxf6 18. Bf4 Rh7 19. Ke2 Bxd2 20. Kxd2
Ra7 21. Rc1 Kd7 22. f3 Ra4 23. Ke3 Ne7 24. g4 hxg4 25. fxg4 Ng6 26. Bg3 e5 27.
Rd1 Ra3+ 28. Kf2 Ra2+ 29. Ke3 e4 30. Rg1 Ra3+ 31. Kf2 Rd3 32. h5 Nf8 33. Ra1
Rd2+ 34. Ke3 Rg2 35. Ra7+ Ke8 36. Bd6 Nd7 37. Ra8+ Kf7 38. Kf4 Rf2+ 39. Kg3 Rf3+
40. Kg2 Rb3 41. h6 Rb2+ 42. Kg3 e3 43. h7 e2 44. Kf2 e1=Q+ 45. Kxe1 Rb1+ 46. Kf2
Rb2+ 47. Kg3 Rb3+ 48. Kf4 Nf8 49. Rxf8+ Ke6 50. h8=Q {Black resigns} 1-0

[Event "Team 45 45 League T63"]
[Site "Internet Chess Club"]
[Date "2014.12.16"]
[Round "3"]
[White "f5"]
[Black "Jack-ONeill"]
[Result "1/2-1/2"]
[WhiteElo "2120"]
[BlackElo "2059"]
[Opening "Old Benoni defense"]
[ECO "A46"]
[Time "14:00:55"]
[TimeControl "2700+45"]

1. d4 Nf6 2. Nf3 c5 3. d5 b5 4. Bg5 Ne4 5. Bh4 Bb7 6. Nc3 Qa5 7. Qd3 Nxc3 8.
bxc3 Bxd5 9. Nd2 e6 10. e4 Bc6 11. Be2 d6 12. O-O Nd7 13. f4 Be7 14. Bxe7 Kxe7
15. Qg3 Rhg8 16. a4 bxa4 17. Nc4 Qc7 18. e5 d5 19. Qh4+ f6 20. Nd6 Raf8 21. Bg4
h5 22. Qxh5 Nb6 23. Rae1 Bd7 24. Qh3 Rh8 25. Qg3 Nc8 26. Bxe6 Nxd6 27. Qxg7+ Kd8
28. exd6 Qxd6 29. Qg4 Re8 30. Bxd7 Qxd7 31. Qg6 Qd6 32. Qg7 Rxe1 33. Rxe1 Re8
34. Rxe8+ Kxe8 35. Qg8+ Kd7 36. Qf7+ Kc6 37. Qxa7 Qxf4 38. Qa6+ Kc7 39. Qa7+ Kc6
40. Qa6+ Kc7 41. Qa7+ Kc6 {Game drawn by repetition} 1/2-1/2

[Event "Team 45 45 League T63"]
[Site "Internet Chess Club"]
[Date "2014.12.14"]
[Round "3"]
[White "Ptzz"]
[Black "primerpaso"]
[Result "1-0"]
[WhiteElo "2077"]
[BlackElo "1905"]
[Opening "Sicilian: Canal-Sokolsky attack, Sokolsky variation"]
[ECO "B52"]
[Time "10:05:41"]
[TimeControl "2700+45"]

1. e4 c5 2. Nf3 d6 3. Bb5+ Bd7 4. Bxd7+ Qxd7 5. c4 Nc6 6. d4 cxd4 7. Nxd4 g6 8.
O-O Bg7 9. Be3 Nf6 10. f3 Rc8 11. Nc3 O-O 12. b3 Nh5 13. Rc1 Nxd4 14. Bxd4 Rfd8
15. Bxg7 Nxg7 16. Nd5 Ne8 17. Qd4 b6 18. f4 Nc7 19. f5 Nxd5 20. exd5 f6 21. Rce1
Rf8 22. Rf3 Rf7 23. fxg6 hxg6 24. Rh3 Rg7 25. Qh4 Kf7 26. Rhe3 Kg8 27. a4 Rf8
28. R1e2 Rff7 29. Qe1 Kf8 30. Qb4 Qc7 31. Qb5 Rh7 32. Re6 Rh5 33. b4 Rh4 34.
R6e4 Rxe4 35. Rxe4 Rh7 36. h3 f5 37. Re1 Rh4 38. g4 fxg4 39. Rf1+ Kg7 40. Qe8
Rxh3 41. Qf8+ Kh7 42. Rf7# {Black checkmated} 1-0

[Event "Team 45 45 League T63"]
[Site "Internet Chess Club"]
[Date "2014.12.16"]
[Round "3"]
[White "santiagoelawad"]
[Black "Holgate"]
[Result "1/2-1/2"]
[WhiteElo "1936"]
[BlackElo "2022"]
[Opening "English: symmetrical, main line with d4"]
[ECO "A39"]
[Time "15:06:55"]
[TimeControl "2700+45"]

1. c4 g6 2. Nf3 Bg7 3. Nc3 c5 4. g3 Nf6 5. Bg2 O-O 6. O-O Nc6 7. d4 cxd4 8. Nxd4
Qa5 9. Nb3 Qh5 10. Bf3 Qh3 11. Bg2 Qh5 12. Bf3 {Game drawn by mutual agreement}
1/2-1/2

[Event "Team 45 45 League T63"]
[Site "Internet Chess Club"]
[Date "2014.12.13"]
[Round "3"]
[White "Tobiasdelmonte"]
[Black "frank001"]
[Result "0-1"]
[WhiteElo "1831"]
[BlackElo "1845"]
[Opening "Dutch, 2.Bg5 variation"]
[ECO "A80"]
[Time "22:05:17"]
[TimeControl "2700+45"]

1. d4 f5 2. Bg5 g6 3. Nc3 Bg7 4. e4 fxe4 5. Nxe4 d5 6. Nc5 b6 7. Nd3 Nh6 8. Qd2
Nf5 9. c3 O-O 10. Nf3 Qd6 11. Be2 e6 12. O-O c5 13. Bf4 Qe7 14. dxc5 bxc5 15.
Rfe1 Nc6 16. Bg5 Qd6 17. g4 Nfe7 18. Kg2 e5 19. Ng1 Bb7 20. f3 Rae8 21. Rad1 d4
22. Nf2 Nd8 23. Bc4+ Kh8 24. Ne4 Qd7 25. h3 Qc6 26. Qe2 a6 27. Rd3 h6 28. Bc1
Nd5 29. Qf2 Nf4+ 30. Bxf4 Rxf4 31. Ne2 Rxe4 32. fxe4 Rf8 33. Rf3 Qxe4 34. Ng1
Qf4 35. cxd4 cxd4 36. Bxa6 Bxf3+ 37. Qxf3 Qg5 38. Qd5 h5 39. Nf3 Qf4 40. Rf1
hxg4 41. Nh4 gxh3+ 42. Kxh3 Qe3+ 43. Rf3 Rxf3+ 44. Nxf3 Ne6 45. Qxe6 Qxf3+ 46.
Kh2 Kh7 47. Bc4 e4 48. Qh3+ Qxh3+ 49. Kxh3 d3 50. b4 g5 51. b5 Bd4 52. Kg4 Kg6
53. a4 Kf6 54. a5 Ke5 55. b6 Bc5 56. b7 Ba7 57. Kxg5 Kd4 58. Bb5 e3 {White
resigns} 0-1

[Event "Team 45 45 League T63"]
[Site "Internet Chess Club"]
[Date "2014.12.13"]
[Round "3"]
[White "MeWantCookie"]
[Black "gump12345"]
[Result "1-0"]
[WhiteElo "2078"]
[BlackElo "2005"]
[Opening "Ruy Lopez: Berlin defense"]
[ECO "C65"]
[Time "15:56:31"]
[TimeControl "2700+45"]

1. e4 e5 2. Nf3 Nc6 3. Bb5 Nf6 4. Qe2 d6 5. d4 exd4 6. e5 dxe5 7. Nxe5 Be6 8.
Nxc6 bxc6 9. Bxc6+ Nd7 10. Bxa8 Qxa8 11. O-O Bd6 12. c3 c5 13. b3 O-O 14. cxd4
Re8 15. dxc5 Bd5 16. Be3 Bxg2 17. cxd6 Bxf1 18. Qxf1 Re6 19. Bf4 Rg6+ 20. Bg3
Ne5 21. Qg2 Nf3+ 22. Kh1 Qe4 23. Nc3 Qd3 24. d7 Rf6 25. Rd1 Nd2 26. Qa8# {Black
checkmated} 1-0

[Event "Team 45 45 League T63"]
[Site "Internet Chess Club"]
[Date "2014.12.14"]
[Round "3"]
[White "xwang1"]
[Black "Magnus87"]
[Result "0-1"]
[WhiteElo "2050"]
[BlackElo "2157"]
[Opening "Ruy Lopez: modern Steinitz defense, siesta variation"]
[ECO "C74"]
[Time "12:01:57"]
[TimeControl "2700+45"]

1. e4 e5 2. Nf3 Nc6 3. Bb5 a6 4. Ba4 d6 5. c3 f5 6. d3 Nf6 7. Nbd2 fxe4 8. Nxe4
Nxe4 9. dxe4 Be7 10. Qd5 Bd7 11. Bb3 Rf8 12. O-O Bf6 13. Be3 Qe7 14. Ne1 O-O-O
15. Nc2 Bg5 16. Qd2 Bxe3 17. Qxe3 Qh4 18. Nb4 Rf6 19. h3 g5 20. Bd5 Nxb4 21.
cxb4 Kb8 22. Rac1 Rdf8 23. Rc2 g4 24. Rfc1 Rc8 25. Rc3 gxh3 26. gxh3 Rg6+ 27.
Kh2 Bxh3 28. Qxh3 Qf4+ 29. Kh1 Rh6 30. Qxh6 Qxh6+ 31. Kg2 c6 32. Bb3 Qg6+ 33.
Kf3 Rf8+ 34. Ke3 Qg5+ 35. Kd3 Rxf2 36. R3c2 Rf3+ 37. Kc4 b5# {White checkmated}
0-1

[Event "Team 45 45 League T63"]
[Site "Internet Chess Club"]
[Date "2014.12.12"]
[Round "3"]
[White "f5"]
[Black "charles-allen"]
[Result "1-0"]
[WhiteElo "2123"]
[BlackElo "1884"]
[Opening "Petrov three knights game"]
[ECO "C42"]
[Time "20:00:50"]
[TimeControl "2700+45"]

1. e4 e5 2. Nf3 Nf6 3. Nc3 Bb4 4. Bc4 O-O 5. O-O Bxc3 6. dxc3 d6 7. Re1 Be6 8.
Bf1 h6 9. h3 Nbd7 10. g3 Nc5 11. Nd2 Qd7 12. Kh2 b5 13. Bg2 a5 14. Nb3 Na4 15.
Qf3 Qe7 16. Nd2 Nh7 17. g4 Qh4 18. Nf1 Ng5 19. Qg3 Qxg3+ 20. Kxg3 Nc5 21. h4 Nh7
22. Ne3 g6 23. Bd2 Nf6 24. f3 Rad8 25. b3 d5 26. exd5 h5 27. c4 Bxg4 28. Nxg4
hxg4 29. fxg4 e4 30. Bxa5 {Black resigns} 1-0

[Event "Team 45 45 League T63"]
[Site "Internet Chess Club"]
[Date "2014.12.14"]
[Round "3"]
[White "Happybear"]
[Black "dafou"]
[Result "0-1"]
[WhiteElo "1862"]
[BlackElo "2043"]
[Opening "Alekhine's defense"]
[ECO "B02"]
[Time "18:48:30"]
[TimeControl "2700+45"]

1. e4 Nf6 2. Nc3 Nc6 3. d4 d5 4. e5 Ne4 5. Bd3 Nxd4 6. Nxe4 dxe4 7. Bxe4 Bf5 8.
Bxf5 Nxf5 9. Qg4 e6 10. Nf3 Qd5 11. O-O Bc5 12. Qa4+ Qd7 13. Qc4 Qc6 14. Qc3
O-O-O 15. Bg5 Rd5 16. Rad1 h6 17. Bc1 Rhd8 18. Rde1 a5 19. a3 Qb5 20. Kh1 Nd4
21. Ng1 Nc6 22. f4 Bxg1 23. Rxg1 Nd4 24. Rgf1 Rc5 25. Qg3 Nxc2 26. Rd1 Rcd5 27.
Qg4 a4 28. h3 Rxd1 29. Rxd1 Rxd1+ 30. Qxd1 Qc4 31. Bd2 Nd4 32. Qg4 Qf1+ 33. Kh2
Qf2 34. Bb4 Ne2 35. Bc5 Qxf4+ {White resigns} 0-1

[Event "Team 45 45 League T63"]
[Site "Internet Chess Club"]
[Date "2014.12.15"]
[Round "3"]
[White "Regista"]
[Black "Enzo25"]
[Result "1/2-1/2"]
[WhiteElo "2269"]
[BlackElo "2153"]
[Opening "English: Neo-Catalan declined"]
[ECO "A14"]
[Time "14:00:24"]
[TimeControl "2700+45"]

1. Nf3 d5 2. c4 e6 3. g3 Nf6 4. Bg2 Be7 5. O-O O-O 6. b3 a5 7. Nc3 d4 8. Nb5 Nc6
9. e3 e5 10. Bb2 Bg4 11. h3 Bxf3 12. Bxf3 a4 13. exd4 exd4 14. Bxc6 bxc6 15.
Nxd4 Bc5 16. Nxc6 Qd6 17. d4 Qxc6 18. dxc5 Rad8 19. Qc2 Ne4 20. Rad1 Ng5 21. f4
axb3 22. axb3 Qxc5+ 23. Kh2 Rxd1 24. Qxd1 Ne4 25. Qd3 Re8 26. Be5 f5 27. Qd7 Nf6
28. Bxf6 Re2+ 29. Kh1 gxf6 30. Rd1 Rh2+ 31. Kxh2 Qf2+ 32. Kh1 Qf3+ 33. Kh2 Qf2+
34. Kh1 Qf3+ 35. Kh2 Qf2+ {Game drawn by repetition} 1/2-1/2

[Event "Team 45 45 League T63"]
[Site "Internet Chess Club"]
[Date "2014.12.11"]
[Round "3"]
[White "searchforbobby1"]
[Black "Pomberito"]
[Result "0-1"]
[WhiteElo "2055"]
[BlackElo "2136"]
[Opening "Ponziani: Jaenisch counter-attack"]
[ECO "C44"]
[Time "19:31:34"]
[TimeControl "2700+45"]

1. e4 e5 2. Nf3 Nc6 3. c3 Nf6 4. d4 Nxe4 5. d5 Ne7 6. Nxe5 Ng6 7. Qf3 Nf6 8.
Nxg6 hxg6 9. Be3 Rh5 10. Bc4 b5 11. Bxb5 Rb8 12. Qe2 Bd6 13. c4 a6 14. Ba4 Kf8
15. Nc3 Be5 16. Qd2 Qe7 17. O-O-O Qb4 18. Bb3 a5 19. Bd4 Ba6 20. Bxe5 Rxe5 21.
f4 Ne4 22. Qd4 Nxc3 23. Qxc3 Qxc3+ 24. bxc3 Re4 25. Rd4 Re2 26. Rd2 Rxd2 27.
Kxd2 a4 28. Bxa4 Bxc4 29. Bb3 Bxb3 30. axb3 Rxb3 31. Kc2 Ra3 32. Kb2 Ra4 33. Re1
Rxf4 34. Re2 g5 35. Kb3 g4 36. c4 Rf1 37. Kb4 f5 38. Kc5 Kf7 39. d6 cxd6+ 40.
Kxd6 Rd1+ 41. Ke5 g6 42. Rc2 d6+ 43. Kf4 Kf6 44. c5 Rd3 {White resigns} 0-1

[Event "Team 45 45 League T63"]
[Site "Internet Chess Club"]
[Date "2014.12.13"]
[Round "3"]
[White "CHENENE"]
[Black "SlimeDog2"]
[Result "1-0"]
[WhiteElo "1971"]
[BlackElo "2031"]
[Opening "Grünfeld defense: Smyslov, main line"]
[ECO "D99"]
[Time "16:13:06"]
[TimeControl "2700+45"]

1. d4 Nf6 2. c4 g6 3. Nc3 d5 4. Nf3 Bg7 5. Qb3 dxc4 6. Qxc4 O-O 7. e4 Bg4 8. Be3
Nfd7 9. Qb3 Nb6 10. Rd1 e6 11. Be2 Nc6 12. Ng1 Bxe2 13. Ngxe2 Qe7 14. O-O Qb4
15. Qxb4 Nxb4 16. d5 exd5 17. Bc5 Nxa2 18. Nxa2 Rfe8 19. Bxb6 axb6 20. Nac3 dxe4
21. Rd7 Rac8 22. g4 Re5 23. Ng3 Rg5 24. h3 f5 25. Nd5 Rf8 26. Nxc7 {Black
resigns} 1-0

[Event "Team 45 45 League T63"]
[Site "Internet Chess Club"]
[Date "2014.12.13"]
[Round "3"]
[White "Monterrey"]
[Black "primerpaso"]
[Result "1-0"]
[WhiteElo "2087"]
[BlackElo "1914"]
[Opening "QGD: classical variation (5.Bf4)"]
[ECO "D37"]
[Time "19:03:19"]
[TimeControl "2700+45"]

1. d4 Nf6 2. Nf3 d5 3. c4 e6 4. Nc3 Be7 5. Bf4 O-O 6. e3 b6 7. Qc2 c6 8. Ne5 Bb7
9. O-O-O Na6 10. Kb1 Rc8 11. cxd5 Nxd5 12. Nxd5 Qxd5 13. Bc4 Qa5 14. Bb3 b5 15.
Nd7 Rfd8 16. Nc5 Nxc5 17. dxc5 Qb4 18. a3 Qxc5 19. Qxc5 Bxc5 20. Bg5 Rd6 21.
Rxd6 Bxd6 22. Rd1 Bc7 23. Be7 a5 24. Rd7 Ba6 25. f4 a4 26. Ba2 h5 27. Bc5 Bb8
28. Kc2 Bc7 29. f5 exf5 30. Rxf7 Kh7 31. Be6 Kg6 32. Bd4 Re8 33. Rxg7+ Kh6 34.
Bxf5 Be5 35. Rg6+ Kh7 36. Re6+ {Black resigns} 1-0

[Event "Team 45 45 League T63"]
[Site "Internet Chess Club"]
[Date "2014.12.15"]
[Round "3"]
[White "AVEMARIA"]
[Black "Bryant-L"]
[Result "0-1"]
[WhiteElo "1642"]
[BlackElo "1717"]
[Opening "French: Tarrasch, open variation, main line"]
[ECO "C09"]
[Time "17:01:35"]
[TimeControl "2700+45"]

1. e4 e6 2. d4 d5 3. Nd2 c5 4. Ngf3 Nc6 5. exd5 exd5 6. dxc5 Bxc5 7. Nb3 Bb6 8.
Be2 Nf6 9. O-O O-O 10. c3 Be6 11. Bg5 h6 12. Bf4 Nh5 13. Bd2 Qc7 14. g3 Nf6 15.
Nbd4 Nxd4 16. Nxd4 Bxd4 17. cxd4 Qb6 18. Bc3 Rac8 19. Bf3 Rfe8 20. Re1 Bd7 21.
Qd3 Qb5 22. Rad1 Rxe1+ 23. Bxe1 Qxb2 24. Rb1 Qxa2 25. Rxb7 Qa1 26. Rb1 Qa4 27.
Bd1 Qc4 28. Qxc4 Rxc4 29. Kg2 Rxd4 30. Bc3 Rc4 31. Rb8+ Kh7 32. Bc2+ Ne4 33.
Bxe4+ dxe4 34. Bd2 Bc6 35. Be3 a5 36. Rc8 a4 37. Rc7 a3 38. Ra7 Ra4 39. Rxa4
Bxa4 40. Kf1 a2 41. Bd4 g5 42. Ke1 Kg6 43. Kd2 Bc6 44. g4 h5 45. gxh5+ Kxh5 46.
Ke3 f5 47. Kd2 Kh4 48. Kc1 Kh3 49. Kb2 Bd5 50. Bf6 g4 51. Be5 Kg2 52. Bg3 Kf3
53. Ka1 f4 54. Bh4 Kg2 {White resigns} 0-1

[Event "Team 45 45 League T63"]
[Site "Internet Chess Club"]
[Date "2014.12.13"]
[Round "3"]
[White "Zugzwanged"]
[Black "Egmont"]
[Result "0-1"]
[WhiteElo "1677"]
[BlackElo "1759"]
[Opening "French: Fort Knox variation"]
[ECO "C03"]
[Time "10:00:51"]
[TimeControl "2700+45"]

1. e4 e6 2. d4 d5 3. Nd2 dxe4 4. Nxe4 Bd7 5. Nf3 Bc6 6. Bd3 Nd7 7. O-O Ngf6 8.
Re1 Bxe4 9. Bxe4 Nxe4 10. Rxe4 Nf6 11. Re1 Bb4 12. c3 Bd6 13. Qb3 b6 14. d5 Nxd5
15. Bg5 Qd7 16. Rad1 Ne7 17. Ne5 Qc8 18. Bxe7 Bxe5 19. Ba3 Bf6 20. f4 c5 21.
Qb5+ Kf8 22. Rd7 g6 23. Red1 Kg7 24. Qd3 Bd4+ 25. cxd4 Qxd7 26. b3 Rhd8 27. Bb2
cxd4 28. Bxd4+ Kg8 29. Qe4 Qd5 30. Qe3 Rac8 31. Rd2 Qf5 32. Be5 Qb1+ 33. Kf2
Rxd2+ 34. Kf3 {White resigns} 0-1

[Event "Team 45 45 League T63"]
[Site "Internet Chess Club"]
[Date "2014.12.14"]
[Round "3"]
[White "Kingofknights"]
[Black "pokerram"]
[Result "1-0"]
[WhiteElo "1694"]
[BlackElo "1582"]
[Opening "King's Indian: Sämisch, 5...O-O"]
[ECO "E81"]
[Time "10:00:32"]
[TimeControl "2700+45"]

1. d4 Nf6 2. c4 g6 3. Nc3 Bg7 4. e4 d6 5. f3 O-O 6. Be3 c5 7. dxc5 Qa5 8. Qa4
Qxa4 9. Nxa4 dxc5 10. Bxc5 Re8 11. O-O-O Nfd7 12. Bd4 Bh6+ 13. Kc2 Nc6 14. Bc3
a5 15. Ne2 Nb4+ 16. Kb1 e5 17. a3 Nc6 18. Bd2 Bf8 19. Be3 Rb8 20. Nec3 b6 21.
Nb5 Nc5 22. Nac3 Be6 23. Nd5 Kg7 24. g4 Red8 25. Be2 Na4 26. h4 h6 27. Rd2 Nc5
28. Rhd1 Nb3 29. Rd3 Nc5 30. Rc3 Rb7 31. Rd2 Na4 32. Rcc2 Nc5 33. Ka2 a4 34.
Ndc7 Rxd2 35. Rxd2 Be7 36. Nxe6+ Nxe6 37. g5 hxg5 38. hxg5 Nf4 39. Bd1 Bxg5 40.
Rd6 Na5 41. Rxb6 Rxb6 42. Bxb6 Nxc4 43. Bc7 Nd3 44. Bxa4 Bc1 45. Bb3 Nd2 46. Bc2
Nxb2 47. Bxe5+ f6 48. Bxb2 Bxb2 49. Kxb2 Nxf3 50. a4 Ne5 51. Kc3 g5 52. a5 Nd7
53. a6 g4 54. Bd3 g3 55. Bf1 Kg6 56. Kd3 f5 57. a7 Nb6 58. e5 f4 59. Bg2 Kf5 60.
e6 Kxe6 61. Ke4 Kd7 62. Kxf4 Kd8 63. Kxg3 Kd7 64. Kf4 Ke7 65. Ke5 Kd7 66. Kd4
Kc8 67. Kc5 Nd7+ 68. Kd6 Nb6 69. Kc6 Na8 70. Kc5 {Black resigns} 1-0